 Dungeon Crawl Stone Soup version 0.28.0-49-g6dfe1f597d (webtiles) character file.

Game seed: 5074325590877506718

487 NinjaNoafa the Insei (level 7, -16/50 HPs)
             Began as a Djinni Transmuter on May 11, 2022.
             Killed from afar by a white imp (18 damage)
             ... with a puff of frost
             ... on level 5 of the Dungeon.
             The game lasted 00:07:32 (5342 turns).

NinjaNoafa the Insei (Djinni Transmuter)            Turns: 5342, Time: 00:07:32

Health: -16/50     AC:  4    Str:  8 (9)  XL:     7   Next: 36%
Gold:   220        EV: 13    Int: 16 (17) God:
                   SH:  0    Dex: 13

rFire   + + .      SeeInvis .   f - +3 quarterstaff (vamp)
rCold   x . .      Faith    .   (shield currently unavailable)
rNeg    . . .      Spirit   .   a - +0 robe
rPois   ∞          Reflect  .   (helmet currently unavailable)
rElec   .          Harm     .   (no cloak)
rCorr   .          Rampage  .   c - +1 pair of gloves
Will    .....                   (boots unavailable)
Stlth   +.........              (no amulet)
HPRegen 0.16/turn               (no ring)
MPRegen 0.00/turn               (no ring)

@: appendages, wereblooded, flying
A: horns 2, flying, sickness immunity, fire resistance 2, cold vulnerability 1,
float, innate caster, HP casting, extra vitality 1
a: End Transformation


You were on level 5 of the Dungeon.
You had temporarily grown beastly horns.
You visited 1 branch of the dungeon, and saw 5 of its levels.

You collected 220 gold pieces.

Inventory:

Hand Weapons
 f - a +3 vampiric quarterstaff (weapon)
Missiles
 b - 131 stones
 e - 2 boomerangs
 h - 5 javelins (quivered)
Armour
 a - a +0 robe (worn)
 c - a +1 pair of gloves (worn)
 k - a +0 helmet (melded)
Wands
 m - a wand of iceblast (12)
Scrolls
 g - 2 scrolls of holy word
 i - a scroll of vulnerability
 l - a scroll of fear {unknown}
Potions
 d - a potion of attraction
 n - a potion of cancellation


   Skills:
 - Level 3.0 Fighting
 - Level 4.0 Dodging
 + Level 4.4 Unarmed Combat
 - Level 4.0 Spellcasting


You couldn't memorise any spells.
You knew the following spells:

 Your Spells              Type           Power      Damage    Failure   Level
a - Beastly Appendage     Tmut           32%        N/A       3%          1
b - Wereblood             Tmut           16%        N/A       4%          2
c - Spider Form           Tmut/Pois      16%        N/A       10%         3
d - Ice Form              Ice/Tmut       16%        N/A       32%         4
e - Shock                 Conj/Air       64%        1d7       3%          1
f - Ensorcelled Hibernat  Hex/Ice        32%        N/A       4%          2
g - Tukima's Dance        Hex            16%        N/A       10%         3
Your spell library was empty.

Dungeon Overview and Level Annotations

Branches:
Dungeon (5/15)
 Temple: D:4-7

Altars:

Shops:
D:2 ?


Innate Abilities, Weirdness & Mutations

You have temporarily grown beastly horns.
You are flying.
You are immune to sickness and miasma.
You are immune to poison.
Your flesh is very heat resistant. (rF++)
You are vulnerable to cold. (rC-)
You float through the air rather than walking.
You learn spells naturally, not from books.
Your magical power is your life essence.
You have superior vitality. (+4 MHP)


Message History

Casting: Shock (safe; 3% risk of failure)
Confirm with . or Enter, or press ? or * to list all spells.
You grow a pair of large bovine horns.
Your +0 helmet melds into your body.
Casting: Beastly Appendage (safe; 3% risk of failure)
Confirm with . or Enter, or press ? or * to list all spells.
Your blood is infused with primal strength.
The white imp shouts, "Go and return not, thou wayward ill-nurtured jarkman!"
The worm barely misses you.
You sock the worm!
The worm is heavily wounded.
The worm closely misses you.
You barely miss the worm.
The worm is heavily wounded.
You barely miss the worm.
The worm is heavily wounded.
The worm barely misses you.
You hit the worm.
You feel better.
The worm is heavily wounded.
The worm bites you!
You sock the worm!
The worm is almost dead.
The worm completely misses you.
You hit the worm but do no damage.
The worm is almost dead.
You barely miss the worm.
The worm is almost dead.
The worm bites you!
* * * LOW HITPOINT WARNING * * *
Okay, then.
As you read the scroll labelled MYW IMAGUINYL, it crumbles to dust.
It is a scroll of enchant armour.
Your +0 pair of gloves glows green for a moment.
The worm barely misses you. The white imp gestures at you.
The puff of frost hits you!
You feel a terrible chill!
* * * LOW HITPOINT WARNING * * *
You see here 16 gold pieces.
The white imp gestures at you. The puff of frost hits you!!
You feel a terrible chill!
You die...

.....................#
.#...<.........#######
.#.###.#.####.## ##
.))..#.#.....##. ..#
.#)#.#.#######..# #$.#
.#.#.#.# #..$w#...#
...#.#.#######.5#.#$.#
...#.#.##....##..$...#
.....###......##@..###
...#.##..#..#..#'###
..##..')..##...#.# ..
#..'...##...#.#
.....##.†#..#..'.#
..######......##.# .
##....###.# ###### #.#
#+#


You could see a white imp.

Vanquished Creatures
  A scorpion (D:5)
  A centaur skeleton (D:5)
  2 hounds (D:4)
  2 orc priests
  A bullfrog skeleton (D:5)
  3 orc wizards
  2 adders (D:2)
  A worm (D:3)
  3 dart slugs
  10 orcs
  9 ball pythons
  4 endoplasms
  2 giant cockroaches (D:2)
  5 goblins
  3 hobgoblins
  4 kobolds
  4 quokkas
  5 bats
  4 frilled lizards (D:2)
  5 rats
71 creatures vanquished.

Vanquished Creatures (collateral kills)
  An ogre (D:5)
1 creature vanquished.

Grand Total: 72 creatures vanquished

Notes
Turn   | Place    | Note
-------+----------+-------------------------------------------
     0 | D:1      | NinjaNoafa the Djinni Transmuter began the quest for the
                  | Orb.
     0 | D:1      | Reached XP level 1. HP: 17/17 MP: 0/0
   553 | D:1      | Reached XP level 2. HP: 21/22 MP: 0/0
  1882 | D:2      | Reached XP level 3. HP: 13/27 MP: 0/0
  1882 | D:2      | Learned a level 1 spell: Shock
  1885 | D:2      | Reached XP level 4. HP: 6/33 MP: 0/0
  2463 | D:2      | Reached XP level 5. HP: 33/38 MP: 0/0
  2463 | D:2      | Learned a level 2 spell: Ensorcelled Hibernation
  2464 | D:2      | Found Joyqinidgh's Magic Scroll Shoppe.
  4080 | D:4      | Reached XP level 6. HP: 40/45 MP: 0/0
  4881 | D:5      | Entered Level 5 of the Dungeon
  5157 | D:5      | Reached XP level 7. HP: 40/50 MP: 0/0
  5157 | D:5      | Learned a level 3 spell: Tukima's Dance
  5341 | D:5      | HP: 2/50 [white imp/puff of frost (7)]
  5342 | D:5      | Killed from afar by a white imp

Illustrated notes

Levels and vault maps discovered:
D:1:      lightli_arrival_maybe_door_vault, layout_basic, serial_bayou_pond_b,
          roderic_serpentine_path, hangedman_abyss_or_decor_lesser_grid
D:2:      layout_loops_ring, serial_shops, nicolae_diamond_shop
D:3:      layout_basic, nicolae_figureground_pulse
D:4:      layout_gridville
D:5:      minmay_polygon_palace, layout_loops_ring,
          gammafunk_temple_overflow_claw, mainiacjoe_overflow_boulevard,
          chequers_temple_overflow_statue_of_worship, uniq_crazy_yiuf_cottage

Skill      XL: |  1  2  3  4  5  6  7 |
---------------+----------------------+-----
Spellcasting   | 2 3 4 |  4.0
Fighting       | 2 3 |  3.0
Dodging        | 3 4 |  4.0
Unarmed Combat | 4 |  4.4

Action                   |  1- 3 |  4- 6 |  7- 9 || total
-------------------------+-------+-------+-------++-------
Melee: Unarmed           |    31 |       |       ||    31
       Headbutt          |     4 |    10 |       ||    14
       Punch             |     1 |       |       ||     1
       Quarterstaff      |    11 |   132 |    18 ||   161
Throw: Javelin           |       |     2 |       ||     2
 Cast: Beastly Appendage |    12 |    21 |     1 ||    34
       Shock             |       |    28 |     1 ||    29
       Wereblood         |       |     5 |     1 ||     6
       Ensorcelled Hiber |       |     4 |       ||     4
       Tukima's Dance    |       |       |     2 ||     2
 Abil: End Transformatio |       |     1 |       ||     1
  Use: Potion            |     2 |     2 |       ||     4
       Scroll            |     2 |     3 |     1 ||     6
 Stab: Sleeping          |       |     2 |       ||     2
Armor: Robe              |     8 |    37 |     9 ||    54
Dodge: Dodged            |    33 |   120 |    25 ||   178
